 Dungeon Crawl Stone Soup version 0.27.1-1-g398f81649c (webtiles) character file.

Game seed: 7450221323100020788

160121 packetloss the Warlock (level 17, -19/135 HPs)
             Began as a Gnoll Warper on Sept 8, 2021.
             Was a High Priest of Vehumet.
             Killed from afar by Nikola (71 damage)
             ... with an arc of chain lightning
             ... on level 2 of the Swamp on Sept 9, 2021.
             The game lasted 02:46:49 (38774 turns).

packetloss the Warlock (Gnoll Warper)              Turns: 38774, Time: 02:46:50

Health: -19/135    AC: 14    Str: 12    XL:     17   Next: 75%
Magic:  25/33      EV: 17    Int: 24    God:    Vehumet [*****.]
Gold:   1261       SH: 17    Dex: 18    Spells: 5/41 levels left

rFire    . . .     SeeInvis .   c - +9 war axe "Obloeb" {spect, Fragile Dex+5}
rCold    + . .     Faith    .   A - +0 kite shield
rNeg     . . .     Spirit   .   D - +1 ring mail {rPois}
rPois    +         Reflect  +   O - +0 helmet {Int+3}
rElec    +         Harm     .   n - +0 cloak
rCorr    +         Rampage  .   t - +0 pair of gloves
Will     +++..                  T - +0 pair of boots "Emuseoc" {rElec Will+ rCorr}
Stlth    +++++.....             h - amulet "Oschecw" {Reflect rC+ Int+4 SH+5 Stlth+}
HPRegen  0.32/turn              H - ring of willpower
MPRegen  0.23/turn              L - +4 ring of slaying

@: no status effects
A: fangs 1, strong nose, distributed training
a: Renounce Religion


You were on level 2 of the Swamp.
You worshipped Vehumet.
Vehumet was extremely pleased with you.
You visited 7 branches of the dungeon, and saw 32 of its levels.

You collected 2678 gold pieces.
You spent 1417 gold pieces at shops.

Inventory:

Hand Weapons
 a - a +0 spear of venom
 c - the +9 war axe "Obloeb" (weapon) {spect, Fragile Dex+5}
   (You bought it in a shop on level 2 of the Orcish Mines)

   When its wielder attacks, the weapon's spirit leaps out and strikes again.
   The spirit shares a part of any damage it takes with its wielder.
   Dex:       It affects your dexterity (+5).
   Fragile:   It will be destroyed if unequipped.
 k - a +0 morningstar
 K - a +3 long sword of electrocution
Missiles
 d - 5 boomerangs of dispersal (quivered)
 r - 3 throwing nets
Armour
 n - a +0 cloak (worn)
 t - a +0 pair of gloves (worn)
 A - a +0 kite shield (worn)
 D - a +1 ring mail of poison resistance (worn)
 E - a +3 troll leather armour {Snorg}
 O - a +0 helmet of intelligence (worn)
 P - +0 fire dragon scales
 T - the +0 pair of boots "Emuseoc" (worn) {rElec Will+ rCorr}
   (You bought it in a shop on level 2 of the Orcish Mines)

   rElec:     It insulates you from electricity.
   rCorr:     It protects you from acid and corrosion.
   Will:      It increases your willpower.
Jewellery
 h - the amulet "Oschecw" (around neck) {Reflect rC+ Int+4 SH+5 Stlth+}
   (You acquired it on level 5 of the Lair of Beasts)

   [amulet of reflection]

   It reflects blocked missile attacks.
   Int:       It affects your intelligence (+4).
   rC:        It protects you from cold.
   SH:        It affects your SH (+5).
   Stlth:     It makes you more stealthy.
 m - a +6 ring of strength
 p - a ring of positive energy
 w - an amulet of guardian spirit
 H - a ring of willpower (left hand)
 L - a +4 ring of slaying (right hand)
 Q - a ring of protection from fire
 R - a ring of willpower
 W - a ring of protection from cold
Wands
 b - a wand of paralysis (8)
 q - a wand of digging (2)
 B - a wand of acid (5)
 F - a wand of mindburst (22)
 X - a wand of iceblast (22)
Scrolls
 e - 2 scrolls of brand weapon
 g - 8 scrolls of teleportation
 i - a scroll of holy word
 u - 6 scrolls of fog
 y - 2 scrolls of silence
 G - 3 scrolls of enchant armour
 J - 4 scrolls of enchant weapon
 N - 4 scrolls of amnesia
 U - 4 scrolls of magic mapping
 V - a scroll of blinking
 Y - 3 scrolls of identify
 Z - 4 scrolls of fear
Potions
 f - 4 potions of heal wounds
 j - 3 potions of flight
 l - 2 potions of attraction
 o - 2 potions of haste
 s - 2 potions of might
 v - a potion of cancellation
 x - 6 potions of brilliance
 z - 2 potions of ambrosia
 C - 7 potions of curing
 M - 2 potions of invisibility
 S - a potion of magic
Miscellaneous
 I - a phantom mirror


   Skills:
 + Level 12.4 Fighting
 + Level 11.7 Short Blades
 + Level 12.4 Long Blades
 + Level 11.7 Axes
 + Level 11.7 Maces & Flails
 + Level 11.7 Polearms
 + Level 11.7 Staves
 + Level 11.7 Slings
 + Level 11.7 Bows
 + Level 11.7 Crossbows
 + Level 12.0 Throwing
 + Level 12.0 Armour
 + Level 12.4 Dodging
 + Level 11.7 Stealth
 + Level 11.7 Shields
 + Level 11.7 Unarmed Combat
 + Level 12.6 Spellcasting
 + Level 10.0 Conjurations
 + Level 10.0 Hexes
 + Level 10.0 Summonings
 + Level 10.0 Necromancy
 + Level 11.3 Translocations
 + Level 10.0 Transmutations
 + Level 10.0 Fire Magic
 + Level 10.0 Ice Magic
 + Level 10.0 Air Magic
 + Level 10.0 Earth Magic
 + Level 10.0 Poison Magic
 + Level 12.6 Invocations
 + Level 11.7 Evocations


You had 5 spell levels left.
You knew the following spells:

 Your Spells              Type           Power      Damage    Failure   Level
b - Blink                 Tloc           N/A        N/A       1%          2
c - Ozocubu's Armour      Ice            59%        N/A       1%          3
d - Freezing Cloud        Conj/Ice/Air   29%        6-21      1%          5
e - Frozen Ramparts       Ice            100%       1d12      1%          3
f - Summon Lightning Spi  Summ/Air       59%        N/A       1%          4
g - Fulminant Prism       Conj/Hex       29%        3d14      1%          4
h - Fireball              Conj/Fire      29%        3d13      1%          5
i - Metabolic Englaciati  Hex/Ice        29%        N/A       4%          5
j - Irradiate             Conj/Tmut      29%        3d23      1%          5

Your spell library contained the following spells:

 Spells                   Type           Power      Damage    Failure   Level
 Lee's Rapid Deconstruct  Erth           29%        3d16*     1%          5
 Foxfire                  Conj/Fire      100%       2x1d9     1%          1
 Freeze                   Ice            100%       1d11      1%          1
 Magic Dart               Conj           100%       1d8       1%          1
 Pain                     Necr           100%       1d9       1%          1
 Corpse Rot               Necr/Air       N/A        N/A       1%          2
 Passwall                 Tmut/Erth      49%        N/A       1%          2
 Poisonous Vapours        Pois/Air       100%       N/A       1%          2
 Searing Ray              Conj           100%       3d7       1%          2
 Static Discharge         Conj/Air       59%        N/A       1%          2
 Gell's Gravitas          Tloc           31%        N/A       1%          3
 Lesser Beckoning         Tloc           31%        N/A       1%          3
 Portal Projectile        Hex/Tloc       100%       N/A       1%          3
 Swiftness                Air            59%        N/A       1%          3
 Teleport Other           Tloc           62%        N/A       1%          3
 Vampiric Draining        Necr           29%        2d10      1%          3
 Airstrike                Air            29%        N/A       1%          4
 Cause Fear               Hex            29%        N/A       1%          4
 Dispel Undead            Necr           59%        3d21      1%          4
 Hailstorm                Conj/Ice       59%        3d13      1%          4
 Leda's Liquefaction      Hex/Erth       29%        N/A       1%          4
 Olgreb's Toxic Radiance  Pois           59%        N/A       1%          4
 Sticky Flame             Conj/Fire      59%        2d7       1%          4
 Bolt of Magma            Conj/Fire/Erth 29%        4d13      1%          5
 Lightning Bolt           Conj/Air       29%        1d46      1%          5
 Manifold Assault         Tloc           62%        N/A       3%          5
 Blade Hands              Tmut           29%        N/A       4%          5
 Excruciating Wounds      Necr           29%        N/A       4%          5
 Dispersal                Tloc           31%        N/A       17%         6
 Invisibility             Hex            29%        N/A       28%         6
 Simulacrum               Ice/Necr       29%        N/A       28%         6
 Statue Form              Tmut/Erth      39%        N/A       28%         6
 Dragon Form              Tmut           29%        N/A       83%         7
 Disjunction              Tloc           31%        N/A       100%        8
 Dragon's Call            Summ           29%        N/A       100%        9


Dungeon Overview and Level Annotations

Branches:
Dungeon (15/15)            Temple (0/1) D:7            Lair (6/6) D:11
  Swamp (2/4) Lair:4       Spider (2/4) Lair:2        Slime (0/5) Lair:5
    Orc (2/2) D:9             Elf (3/3) Orc:2        Vaults (0/5) D:13
 Depths (2/5) D:15

Altars:
Dithmenos
Nemelex Xobeh
Qazlal
Ru
Sif Muna
Trog
Vehumet
Zin

Shops:
Orc:2 [(((   Depths:1 !

Portals:
Hell: Depths:1
Trove: D:11 (give +3 gold dragon scales)
Ice
Cave: Swamp:2

Annotations:
D:9 2 transporters, WaxSun's ghost, journeyman FoCK
D:11 1 runed translucent door, ZARRMARR's ghost, adept OpCj
Lair:2 2 transporters, Yajnam's ghost, journeyman PaCK
Swamp:2 Nikola
Spider:2 ! something invis is hard @ XL 15
Orc:1 1 runed translucent door, aster's ghost, adept TeMo
Elf:2 3 runed translucent doors
Elf:3 Saint Roka
Depths:1 exclusion: orange crystal statue
Depths:2 Jory


Innate Abilities, Weirdness & Mutations

You have very sharp teeth.
Your uncanny sense of smell can sniff out nearby items.
Your experience applies equally to all skills.


Message History

The white ugly thing is engulfed in freezing vapours.
The white ugly thing punches you. The white ugly thing freezes you! You resist.
The white ugly thing is engulfed in freezing vapours.
The white ugly thing punches you. The white ugly thing freezes you! You resist.
Nikola is engulfed in freezing vapours.
Nikola casts a spell.
Lightning arcs from Nikola's hands!
The bolt of lightning hits the white ugly thing!!!!
The white ugly thing dies!
A bolt of lightning appears from out of thin air!
The bolt of lightning hits Nikola.
The bolt of lightning hits the white ugly thing!!!!
The white ugly thing dies!
The bolt of lightning hits the white ugly thing!!!
The white ugly thing dies!
The bolt of lightning hits you!! You resist.
The bolt of lightning hits the white ugly thing!! x2
You hear a horrible gurgling sound!
You hear a shout!
You hear an angry buzzing noise. x2; You hear a roar!
Casting: Freezing Cloud (mildly dangerous; 1% risk of failure)
Confirm with . or Enter, or press ? or * to list all spells.
An electric hum fills the air.
The white ugly thing is engulfed in freezing vapours.
You kill the white ugly thing!
Vehumet accepts your kill.
You feel your power returning.
Nikola is engulfed in freezing vapours.
Spoiler Alert: Nikola casts Lightning Bolt, Chain Lightning and blinks!
You take 52 damage, and have 66/135 hp.
MASSIVE DAMAGE!!
Unknown command.
Aiming: Corrosive Bolt
Press: ? - help, Shift-Dir - straight line, f - Nikola
Aim: Nikola, wielding a +1 rapier of electrocution, wearing a +0 cloak and wearing a +0 pair of gloves (freezing vapour, moderately wounded, 79% to hit)
The bolt of acid misses Nikola.
The white ugly thing kicks you. The white ugly thing freezes you! You resist.
Nikola is engulfed in freezing vapours.
Nikola gestures wildly while chanting.
Lightning arcs from Nikola's hands!
The bolt of lightning hits you!!! You resist.
Ouch! That really hurt!
You die...

≈..♣..........
♣.♣..≈....... .
♣.......... ..
♣.......#...∩.
♣..................
♣.....u#...........
♣♣≈.8u§§§..........♣♣
♣.≈..@§@§#.#.#....♣.♣♣
♣♣≈≈≈♣☼§§........@.≈≈≈
♣≈≈..♣.§..........≈.≈
♣♣...≈≈.............>
♣♣....≈≈...♣ ♣<...≈
♣.≈≈..♣♣.≈.♣ ♣...≈≈≈≈
♣♣○○≈.♣♣♣.♣♣♣.....$.♣
♣♣.≈≈..♣ ♣♣♣.≈≈..≈≈≈♣
♣≈<♣≈♣..♣ ♣≈≈≈..≈.♣♣


You could see Nikola, 2 ugly things and a friendly lightning spire (summoned).

Vanquished Creatures
  Kirke (Lair:6)
  Roxanne (D:15)
  Gastronok (Lair:1)
  Agnes (Elf:1)
  2 stone giants
  Azrael (Elf:1)
  A deep elf death mage (Elf:1)
  An eleionoma (Swamp:1)
  2 ettins (Depths:1)
  Snorg (Lair:6)
  A fire dragon (Depths:1)
  2 great orbs of eyes (Depths:1)
  A rakshasa (Depths:1)
  Fannar (D:10)
  2 ice dragons
  13 hydras
  Harold (D:7)
  A spriggan air mage (Depths:2)
  An ogre mage (D:15)
  4 boulder beetles
  5 two-headed ogres
  A deep troll earth mage (Depths:1)
  16 dancing weapons
  4 centaur warriors
  Erica (D:10)
  4 orc high priests
  6 tengu warriors
  A vampire mage (Depths:1)
  Urug (Orc:1)
  Nergalle (D:10)
  Sonja (Lair:6)
  4 deep elf knights
  8 skeletal warriors
  4 deep trolls (Depths:1)
  2 wizards
  Pikel (D:5)
  2 lindwurms
  12 deep elf archers
  A lindwurm (shapeshifter) (Depths:1)
  6 orb spiders
  8 orc knights
  11 wolf spiders
  An oklob plant (Lair:5)
  A harpy (shapeshifter) (Elf:2)
  10 deep elf pyromancers
  11 deep elf zephyrmancers
  4 orc sorcerers
  A necromancer (Elf:1)
  3 cyclopes
  2 large abominations (Elf:1)
  8 ugly things
  A moth of wrath (Lair:2)
  A black mamba (Lair:2)
  2 manticores
  4 elephants (Lair:6)
  7 torpor snails
  2 gargoyles
  An unseen horror (D:12)
  2 demonic crawlers
  A rime drake (Lair:6)
  Maggie (D:6)
  18 cane toads
  An efreet (D:14)
  3 yaktaurs (D:13)
  A kobold demonologist (D:13)
  2 tengu conjurers (Depths:1)
  9 komodo dragons
  A yaktaur (shapeshifter) (D:15)
  10 jumping spiders
  4 tyrant leeches (Lair:6)
  3 polar bears
  3 trolls
  12 hornets
  5 dream sheep (Lair:6)
  Prince Ribbit (Lair:1)
  29 blink frogs
  2 air elementals
  26 redbacks
  3 wyverns
  4 tarantellas
  A water elemental (Elf:2)
  2 wraiths
  A shadow (D:11)
  A vampire (D:10)
  A yak (shapeshifter) (D:13)
  64 yaks
  4 fire elementals (Elf:1)
  3 hogs (Lair:6)
  6 basilisks
  A steam dragon (D:7)
  14 vampire mosquitoes
  6 wargs
  Edmund (D:5)
  11 water moccasins
  3 black bears
  A hornet zombie (D:6)
  A sky beast (D:5)
  30 orc warriors
  6 ogres
  An ice beast (D:8)
  9 wolves
  2 phantoms
  9 centaurs
  3 kobold brigands
  4 elf zombies (Elf:1)
  14 bullfrogs
  2 gnoll sergeants
  2 earth elementals
  10 scorpions
  2 electric eels
  2 howler monkeys
  A centaur zombie (D:5)
  A bullfrog zombie (D:5)
  3 hounds
  19 orc priests
  2 centaur skeletons
  A bullfrog skeleton (D:4)
  Jessica (D:15)
  17 orc wizards
  3 iguanas
  Natasha (thrice) (D:3)
  3 adders
  12 gnolls
  A shadow imp (D:7)
  2 white imps
  2 ufetubi (D:7)
  6 worms
  A dart slug (D:5)
  69 orcs
  2 bats
  10 endoplasms
  10 giant cockroaches
  5 goblins
  7 hobgoblins
  2 jackals (D:1)
  A quokka (D:1)
  5 ball pythons
  2 frilled lizards
  13 kobolds
  10 rats
  2 bushes (Elf:2)
772 creatures vanquished.

Vanquished Creatures (others)
  A deep elf zephyrmancer (D:13)
  3 ugly things (Swamp:2)
  A fire elemental (Elf:1)
  2 orc wizards
  6 bushes (Elf:1)
  457 foxfires
  182 fulminant prisms
  40 fungi
  122 plants
814 creatures vanquished.

Grand Total: 1586 creatures vanquished

Notes
Turn   | Place    | Note
-------+----------+-------------------------------------------
     0 | D:1      | packetloss the Gnoll Warper began the quest for the Orb.
     0 | D:1      | Reached XP level 1. HP: 20/20 MP: 6/6
     1 | D:1      | Found a runed translucent door.
   776 | D:1      | Found a faded altar of an unknown god.
   782 | D:1      | Became a worshipper of Vehumet
   782 | D:1      | Reached * piety under Vehumet
   782 | D:1      | Offered knowledge of Foxfire by Vehumet.
   785 | D:1      | Learned a level 1 spell: Foxfire
   798 | D:1      | Reached XP level 2. HP: 26/26 MP: 5/7
  1377 | D:2      | Learned a level 2 spell: Blink
  1660 | D:2      | Reached XP level 3. HP: 31/31 MP: 7/9
  1727 | D:2      | Reached skill level 5 in Spellcasting
  2065 | D:2      | Reached skill level 1 in Invocations
  2122 | D:2      | Reached skill level 1 in Short Blades
  2122 | D:2      | Reached skill level 1 in Axes
  2122 | D:2      | Reached skill level 1 in Maces & Flails
  2122 | D:2      | Reached skill level 1 in Polearms
  2122 | D:2      | Reached skill level 1 in Staves
  2122 | D:2      | Reached skill level 1 in Slings
  2122 | D:2      | Reached skill level 1 in Bows
  2122 | D:2      | Reached skill level 1 in Crossbows
  2122 | D:2      | Reached skill level 1 in Stealth
  2122 | D:2      | Reached skill level 1 in Shields
  2122 | D:2      | Reached skill level 1 in Unarmed Combat
  2122 | D:2      | Reached skill level 1 in Evocations
  2132 | D:2      | Reached XP level 4. HP: 32/38 MP: 2/11
  2264 | D:2      | Reached ** piety under Vehumet
  2367 | D:3      | Offered knowledge of Sandblast by Vehumet.
  2794 | D:3      | Noticed Natasha
  2805 | D:3      | HP: 8/38 [Natasha (3)]
  2806 | D:3      | Killed Natasha
  2807 | D:3      | Reached skill level 1 in Conjurations
  2807 | D:3      | Reached skill level 1 in Hexes
  2807 | D:3      | Reached skill level 1 in Summonings
  2807 | D:3      | Reached skill level 1 in Necromancy
  2807 | D:3      | Reached skill level 1 in Transmutations
  2807 | D:3      | Reached skill level 1 in Fire Magic
  2807 | D:3      | Reached skill level 1 in Ice Magic
  2807 | D:3      | Reached skill level 1 in Air Magic
  2807 | D:3      | Reached skill level 1 in Earth Magic
  2807 | D:3      | Reached skill level 1 in Poison Magic
  3185 | D:3      | Noticed Natasha
  3202 | D:3      | Killed Natasha
  3203 | D:3      | Reached XP level 5. HP: 22/43 MP: 5/12
  3434 | D:3      | Noticed Natasha
  3446 | D:3      | Killed Natasha
  3447 | D:3      | Reached skill level 3 in Throwing
  3447 | D:3      | Reached skill level 3 in Armour
  3713 | D:4      | Found a stormy altar of Qazlal.
  3923 | D:4      | Reached skill level 2 in Invocations
  3923 | D:4      | Reached XP level 6. HP: 41/50 MP: 8/13
  4274 | D:5      | Entered Level 5 of the Dungeon
  4344 | D:4      | Reached skill level 5 in Fighting
  4344 | D:4      | Reached skill level 5 in Long Blades
  4344 | D:4      | Reached skill level 5 in Dodging
  4383 | D:5      | Reached skill level 2 in Short Blades
  4383 | D:5      | Reached skill level 2 in Axes
  4383 | D:5      | Reached skill level 2 in Maces & Flails
  4383 | D:5      | Reached skill level 2 in Polearms
  4383 | D:5      | Reached skill level 2 in Staves
  4383 | D:5      | Reached skill level 2 in Slings
  4383 | D:5      | Reached skill level 2 in Bows
  4383 | D:5      | Reached skill level 2 in Crossbows
  4383 | D:5      | Reached skill level 2 in Stealth
  4383 | D:5      | Reached skill level 2 in Shields
  4383 | D:5      | Reached skill level 2 in Unarmed Combat
  4383 | D:5      | Reached skill level 2 in Evocations
  4451 | D:5      | Noticed a sky beast
  4488 | D:5      | Reached XP level 7. HP: 37/56 MP: 6/15
  4678 | D:5      | Reached skill level 2 in Conjurations
  4678 | D:5      | Reached skill level 2 in Hexes
  4678 | D:5      | Reached skill level 2 in Summonings
  4678 | D:5      | Reached skill level 2 in Necromancy
  4678 | D:5      | Reached skill level 2 in Transmutations
  4678 | D:5      | Reached skill level 2 in Fire Magic
  4678 | D:5      | Reached skill level 2 in Ice Magic
  4678 | D:5      | Reached skill level 2 in Air Magic
  4678 | D:5      | Reached skill level 2 in Earth Magic
  4678 | D:5      | Reached skill level 2 in Poison Magic
  4734 | D:5      | Offered knowledge of Static Discharge by Vehumet.
  5005 | D:4      | Reached skill level 3 in Invocations
  5193 | D:5      | Noticed Edmund
  5256 | D:5      | Learned a level 3 spell: Ozocubu's Armour
  5279 | D:5      | Learned a level 2 spell: Static Discharge
  5287 | D:5      | Noticed Pikel
  5429 | D:5      | Reached skill level 6 in Translocations
  5429 | D:5      | Reached XP level 8. HP: 50/63 MP: 10/16
  5485 | D:5      | Reached *** piety under Vehumet
  5486 | D:5      | Reached skill level 4 in Throwing
  5486 | D:5      | Reached skill level 4 in Armour
  5602 | D:5      | Killed Edmund
  5603 | D:5      | Reached skill level 3 in Short Blades
  5603 | D:5      | Reached skill level 3 in Axes
  5603 | D:5      | Reached skill level 3 in Maces & Flails
  5603 | D:5      | Reached skill level 3 in Polearms
  5603 | D:5      | Reached skill level 3 in Staves
  5603 | D:5      | Reached skill level 3 in Slings
  5603 | D:5      | Reached skill level 3 in Bows
  5603 | D:5      | Reached skill level 3 in Crossbows
  5603 | D:5      | Reached skill level 3 in Stealth
  5603 | D:5      | Reached skill level 3 in Shields
  5603 | D:5      | Reached skill level 3 in Unarmed Combat
  5603 | D:5      | Reached skill level 3 in Evocations
  5889 | D:6      | Reached skill level 6 in Spellcasting
  6167 | D:6      | Noticed Maggie
  6182 | D:6      | HP: 10/59 [Maggie (7)]
  6184 | D:6      | Killed Maggie
  6511 | D:6      | Reached skill level 4 in Invocations
  6654 | D:6      | Reached skill level 3 in Conjurations
  6654 | D:6      | Reached skill level 3 in Hexes
  6654 | D:6      | Reached skill level 3 in Summonings
  6654 | D:6      | Reached skill level 3 in Necromancy
  6654 | D:6      | Reached skill level 3 in Transmutations
  6654 | D:6      | Reached skill level 3 in Fire Magic
  6654 | D:6      | Reached skill level 3 in Ice Magic
  6654 | D:6      | Reached skill level 3 in Air Magic
  6654 | D:6      | Reached skill level 3 in Earth Magic
  6654 | D:6      | Reached skill level 3 in Poison Magic
  6661 | D:6      | Reached skill level 6 in Fighting
  6661 | D:6      | Reached skill level 6 in Long Blades
  6661 | D:6      | Reached skill level 6 in Dodging
  6734 | D:6      | Reached XP level 9. HP: 62/69 MP: 12/18
  7360 | D:5      | Killed Pikel
  7361 | D:5      | Reached skill level 4 in Short Blades
  7361 | D:5      | Reached skill level 4 in Axes
  7361 | D:5      | Reached skill level 4 in Maces & Flails
  7361 | D:5      | Reached skill level 4 in Polearms
  7361 | D:5      | Reached skill level 4 in Staves
  7361 | D:5      | Reached skill level 4 in Slings
  7361 | D:5      | Reached skill level 4 in Bows
  7361 | D:5      | Reached skill level 4 in Crossbows
  7361 | D:5      | Reached skill level 5 in Throwing
  7361 | D:5      | Reached skill level 5 in Armour
  7361 | D:5      | Reached skill level 4 in Stealth
  7361 | D:5      | Reached skill level 4 in Shields
  7361 | D:5      | Reached skill level 4 in Unarmed Combat
  7361 | D:5      | Reached skill level 4 in Evocations
  7668 | D:1      | Offered knowledge of Frozen Ramparts by Vehumet.
  7673 | D:1      | Learned a level 3 spell: Frozen Ramparts
  8322 | D:7      | HP: 15/71 [poisoned by a gnoll sergeant]
  8326 | D:7      | HP: 7/71 [poisoned by a gnoll sergeant]
  8330 | D:7      | HP: 3/71 [poisoned by a gnoll sergeant]
  8690 | D:7      | Found a bloodstained altar of Trog.
  8808 | D:7      | Found a staircase to the Ecumenical Temple.
  8948 | D:7      | Reached skill level 5 in Invocations
  8955 | D:7      | Noticed Harold
  9219 | D:7      | Killed Harold
  9220 | D:7      | Reached skill level 5 in Short Blades
  9220 | D:7      | Reached skill level 5 in Axes
  9220 | D:7      | Reached skill level 5 in Maces & Flails
  9220 | D:7      | Reached skill level 5 in Polearms
  9220 | D:7      | Reached skill level 5 in Staves
  9220 | D:7      | Reached skill level 5 in Slings
  9220 | D:7      | Reached skill level 5 in Bows
  9220 | D:7      | Reached skill level 5 in Crossbows
  9220 | D:7      | Reached skill level 5 in Stealth
  9220 | D:7      | Reached skill level 5 in Shields
  9220 | D:7      | Reached skill level 5 in Unarmed Combat
  9220 | D:7      | Reached skill level 7 in Spellcasting
  9220 | D:7      | Reached skill level 4 in Conjurations
  9220 | D:7      | Reached skill level 4 in Hexes
  9220 | D:7      | Reached skill level 4 in Summonings
  9220 | D:7      | Reached skill level 4 in Necromancy
  9220 | D:7      | Reached skill level 4 in Transmutations
  9220 | D:7      | Reached skill level 4 in Fire Magic
  9220 | D:7      | Reached skill level 4 in Ice Magic
  9220 | D:7      | Reached skill level 4 in Air Magic
  9220 | D:7      | Reached skill level 4 in Earth Magic
  9220 | D:7      | Reached skill level 4 in Poison Magic
  9220 | D:7      | Reached skill level 5 in Evocations
  9220 | D:7      | Reached XP level 10. HP: 48/77 MP: 15/20
  9407 | D:8      | Reached **** piety under Vehumet
  9526 | D:8      | Reached skill level 7 in Translocations
  9829 | D:8      | Reached skill level 7 in Fighting
  9829 | D:8      | Reached skill level 7 in Long Blades
  9829 | D:8      | Reached skill level 7 in Dodging
  9874 | D:8      | Found a glowing silver altar of Zin.
  9874 | D:8      | Found a shadowy altar of Dithmenos.
  9875 | D:8      | Found a radiant altar of Vehumet.
 10452 | D:9      | Found a transporter.
 10460 | D:9      | Noticed WaxSun's ghost (journeyman FoCK)
 10524 | D:9      | Reached skill level 6 in Throwing
 10524 | D:9      | Reached skill level 6 in Armour
 10532 | D:9      | Reached skill level 6 in Invocations
 11183 | D:9      | Offered knowledge of Inner Flame by Vehumet.
 11224 | D:9      | Found a staircase to the Orcish Mines.
 11496 | D:9      | Found a transporter.
 11919 | D:9      | Reached XP level 11. HP: 73/84 MP: 16/22
 11974 | Orc:1    | Entered Level 1 of the Orcish Mines
 11977 | Orc:1    | Noticed Urug
 12002 | D:10     | Entered Level 10 of the Dungeon
 12002 | D:10     | Found a shimmering blue altar of Sif Muna.
 12109 | D:10     | Noticed Fannar
 12109 | D:10     | Noticed Erica
 12146 | D:9      | Reached skill level 6 in Short Blades
 12146 | D:9      | Reached skill level 6 in Axes
 12146 | D:9      | Reached skill level 6 in Maces & Flails
 12146 | D:9      | Reached skill level 6 in Polearms
 12146 | D:9      | Reached skill level 6 in Staves
 12146 | D:9      | Reached skill level 6 in Slings
 12146 | D:9      | Reached skill level 6 in Bows
 12146 | D:9      | Reached skill level 6 in Crossbows
 12146 | D:9      | Reached skill level 6 in Stealth
 12146 | D:9      | Reached skill level 6 in Shields
 12146 | D:9      | Reached skill level 6 in Unarmed Combat
 12146 | D:9      | Reached skill level 6 in Evocations
 12260 | D:10     | Noticed a two-headed ogre
 12279 | D:11     | Noticed a two-headed ogre
 12476 | D:10     | Reached skill level 5 in Conjurations
 12476 | D:10     | Reached skill level 5 in Hexes
 12476 | D:10     | Reached skill level 5 in Summonings
 12476 | D:10     | Reached skill level 5 in Necromancy
 12476 | D:10     | Reached skill level 5 in Transmutations
 12476 | D:10     | Reached skill level 5 in Fire Magic
 12476 | D:10     | Reached skill level 5 in Ice Magic
 12476 | D:10     | Reached skill level 5 in Air Magic
 12476 | D:10     | Reached skill level 5 in Earth Magic
 12476 | D:10     | Reached skill level 5 in Poison Magic
 12557 | D:11     | Found a staircase to the Lair.
 12566 | Lair:1   | Entered Level 1 of the Lair of Beasts
 12571 | Lair:1   | Noticed Prince Ribbit
 12806 | D:11     | Reached skill level 8 in Spellcasting
 12920 | Lair:1   | Killed Prince Ribbit
 13096 | Lair:1   | Noticed Gastronok
 13133 | Lair:1   | Killed Gastronok
 13134 | Lair:1   | Reached skill level 7 in Invocations
 13323 | Lair:1   | Reached skill level 8 in Fighting
 13323 | Lair:1   | Reached skill level 8 in Long Blades
 13323 | Lair:1   | Reached skill level 7 in Throwing
 13323 | Lair:1   | Reached skill level 7 in Armour
 13323 | Lair:1   | Reached skill level 8 in Dodging
 13424 | Lair:1   | Identified the +1 crystal plate armour "Ikeunin" {Int+4
                  | Dex+3}
 13452 | Lair:1   | You fall into a shaft and drop 1 floor!
 13486 | Lair:2   | Found a transporter.
 14174 | Lair:2   | Noticed a six-headed hydra
 14253 | Lair:2   | Noticed Yajnam's ghost (journeyman PaCK)
 14414 | Lair:2   | Noticed a seven-headed hydra
 14490 | Lair:2   | Found a transporter.
 14813 | Lair:3   | Reached skill level 8 in Translocations
 14886 | Lair:3   | HP: 20/86 [poisoned by a cane toad]
 14888 | Lair:3   | Reached XP level 12. HP: 18/94 MP: 14/24
 14891 | Lair:3   | HP: 14/94 [poisoned by a cane toad]
 15431 | Lair:3   | Reached skill level 7 in Short Blades
 15431 | Lair:3   | Reached skill level 7 in Axes
 15431 | Lair:3   | Reached skill level 7 in Maces & Flails
 15431 | Lair:3   | Reached skill level 7 in Polearms
 15431 | Lair:3   | Reached skill level 7 in Staves
 15431 | Lair:3   | Reached skill level 7 in Slings
 15431 | Lair:3   | Reached skill level 7 in Bows
 15431 | Lair:3   | Reached skill level 7 in Crossbows
 15431 | Lair:3   | Reached skill level 7 in Stealth
 15431 | Lair:3   | Reached skill level 7 in Shields
 15431 | Lair:3   | Reached skill level 7 in Unarmed Combat
 15431 | Lair:3   | Reached skill level 7 in Evocations
 15824 | Lair:3   | Noticed a six-headed hydra
 15837 | Lair:3   | Reached ***** piety under Vehumet
 15852 | Lair:3   | Killed a six-headed hydra
 15853 | Lair:3   | Reached skill level 6 in Conjurations
 15853 | Lair:3   | Reached skill level 6 in Hexes
 15853 | Lair:3   | Reached skill level 6 in Summonings
 15853 | Lair:3   | Reached skill level 6 in Necromancy
 15853 | Lair:3   | Reached skill level 6 in Transmutations
 15853 | Lair:3   | Reached skill level 6 in Fire Magic
 15853 | Lair:3   | Reached skill level 6 in Ice Magic
 15853 | Lair:3   | Reached skill level 6 in Air Magic
 15853 | Lair:3   | Reached skill level 6 in Earth Magic
 15853 | Lair:3   | Reached skill level 6 in Poison Magic
 16394 | Lair:4   | Offered knowledge of Olgreb's Toxic Radiance by Vehumet.
 16395 | Lair:4   | Reached skill level 8 in Invocations
 16560 | Lair:4   | Learned a level 4 spell: Olgreb's Toxic Radiance
 16712 | Lair:4   | Found a staircase to the Swamp.
 16791 | Lair:4   | Reached skill level 9 in Spellcasting
 17076 | Lair:4   | You fall into a shaft and drop 1 floor!
 17078 | Lair:5   | Noticed an eight-headed hydra
 17079 | Lair:5   | Noticed an eight-headed hydra
 17119 | Lair:4   | Learned a level 4 spell: Fulminant Prism
 17140 | Lair:4   | Reached skill level 8 in Throwing
 17140 | Lair:4   | Reached skill level 8 in Armour
 17602 | Lair:5   | Noticed an eight-headed hydra
 17946 | Lair:5   | Killed an eight-headed hydra
 17947 | Lair:5   | Reached skill level 9 in Fighting
 17947 | Lair:5   | Reached skill level 9 in Long Blades
 17947 | Lair:5   | Reached skill level 9 in Dodging
 18237 | Lair:5   | Noticed a boulder beetle
 18250 | Lair:5   | Killed a boulder beetle
 18480 | Lair:5   | Reached XP level 13. HP: 98/101 MP: 12/26
 18841 | Lair:5   | Reached skill level 8 in Short Blades
 18841 | Lair:5   | Reached skill level 8 in Axes
 18841 | Lair:5   | Reached skill level 8 in Maces & Flails
 18841 | Lair:5   | Reached skill level 8 in Polearms
 18841 | Lair:5   | Reached skill level 8 in Staves
 18841 | Lair:5   | Reached skill level 8 in Slings
 18841 | Lair:5   | Reached skill level 8 in Bows
 18841 | Lair:5   | Reached skill level 8 in Crossbows
 18841 | Lair:5   | Reached skill level 8 in Stealth
 18841 | Lair:5   | Reached skill level 8 in Shields
 18841 | Lair:5   | Reached skill level 8 in Unarmed Combat
 18841 | Lair:5   | Reached skill level 8 in Evocations
 19675 | Lair:5   | Reached skill level 9 in Invocations
 19846 | Lair:5   | Found a staircase to the Slime Pits.
 19897 | Lair:6   | Entered Level 6 of the Lair of Beasts
 19927 | Lair:6   | Noticed Snorg
 19962 | Lair:6   | Noticed Kirke
 20052 | Lair:2   | Found a hole to the Spider Nest.
 20412 | Lair:2   | Reached skill level 7 in Conjurations
 20412 | Lair:2   | Reached skill level 7 in Hexes
 20412 | Lair:2   | Reached skill level 7 in Summonings
 20412 | Lair:2   | Reached skill level 7 in Necromancy
 20412 | Lair:2   | Reached skill level 9 in Translocations
 20412 | Lair:2   | Reached skill level 7 in Transmutations
 20412 | Lair:2   | Reached skill level 7 in Fire Magic
 20412 | Lair:2   | Reached skill level 7 in Ice Magic
 20412 | Lair:2   | Reached skill level 7 in Air Magic
 20412 | Lair:2   | Reached skill level 7 in Earth Magic
 20412 | Lair:2   | Reached skill level 7 in Poison Magic
 21113 | Lair:2   | Reached skill level 9 in Throwing
 21113 | Lair:2   | Reached skill level 9 in Armour
 21433 | Spider:1 | Entered Level 1 of the Spider Nest
 21654 | Spider:1 | Reached skill level 10 in Spellcasting
 22670 | D:10     | Noticed Nergalle
 22682 | D:10     | Killed Nergalle
 22720 | D:10     | Found a sacrificial altar of Ru.
 22745 | D:10     | Killed Fannar
 22982 | D:10     | Reached XP level 14. HP: 109/109 MP: 28/28
 23004 | D:10     | Reached skill level 10 in Fighting
 23004 | D:10     | Reached skill level 10 in Long Blades
 23004 | D:10     | Reached skill level 10 in Dodging
 23006 | D:10     | Killed Erica
 23162 | D:10     | Identified the +1 leather armour of Theory {Contam rElec
                  | rPois Str+8}
 23352 | Orc:1    | Killed Urug
 23648 | Orc:1    | Reached skill level 9 in Short Blades
 23648 | Orc:1    | Reached skill level 9 in Axes
 23648 | Orc:1    | Reached skill level 9 in Maces & Flails
 23648 | Orc:1    | Reached skill level 9 in Polearms
 23648 | Orc:1    | Reached skill level 9 in Staves
 23648 | Orc:1    | Reached skill level 9 in Slings
 23648 | Orc:1    | Reached skill level 9 in Bows
 23648 | Orc:1    | Reached skill level 9 in Crossbows
 23648 | Orc:1    | Reached skill level 9 in Stealth
 23648 | Orc:1    | Reached skill level 9 in Shields
 23648 | Orc:1    | Reached skill level 9 in Unarmed Combat
 23648 | Orc:1    | Reached skill level 9 in Evocations
 23652 | Orc:1    | Found a runed translucent door.
 23664 | Orc:1    | Noticed aster's ghost (adept TeMo)
 24204 | Orc:2    | Entered Level 2 of the Orcish Mines
 24263 | Orc:2    | Offered knowledge of Fireball by Vehumet.
 24778 | Orc:2    | Learned a level 5 spell: Fireball
 24893 | Orc:2    | Found a staircase to the Elven Halls.
 25572 | Orc:2    | Reached skill level 10 in Invocations
 25890 | Orc:1    | HP: 12/110 [orc knight (35)]
 26801 | Orc:2    | Paralysed by an orc sorcerer for 5 turns
 27061 | Orc:2    | Found Samar Oriar's Armour Shop.
 27061 | Orc:2    | Found Amykeod's Antique Weapon Shoppe.
 27067 | Orc:2    | Found Colaneq's Weapon Shoppe.
 27067 | Orc:2    | Found Gaor's Antique Weapon Shop.
 27079 | Orc:2    | Bought the +0 pair of boots "Emuseoc" {rElec Will+ rCorr}
                  | for 356 gold pieces
 27105 | Orc:2    | Bought a crystal war axe for 314 gold pieces
 27105 | Orc:2    | Identified the +9 war axe "Obloeb" {spect, Fragile Dex+5}
                  | (You bought it in a shop on level 2 of the Orcish Mines)
 27110 | Orc:2    | Bought a smoking dagger for 252 gold pieces
 27110 | Orc:2    | Identified the +6 dagger "Ozxyhon" {pain, *Noise rElec
                  | rCorr} (You bought it in a shop on level 2 of the Orcish
                  | Mines)
 27340 | Lair:6   | Killed Kirke
 27609 | Lair:6   | Killed Snorg
 27610 | Lair:6   | Reached skill level 8 in Conjurations
 27610 | Lair:6   | Reached skill level 8 in Hexes
 27610 | Lair:6   | Reached skill level 8 in Summonings
 27610 | Lair:6   | Reached skill level 8 in Necromancy
 27610 | Lair:6   | Reached skill level 8 in Transmutations
 27610 | Lair:6   | Reached skill level 8 in Fire Magic
 27610 | Lair:6   | Reached skill level 8 in Ice Magic
 27610 | Lair:6   | Reached skill level 8 in Air Magic
 27610 | Lair:6   | Reached skill level 8 in Earth Magic
 27610 | Lair:6   | Reached skill level 8 in Poison Magic
 27671 | Lair:6   | Noticed Sonja
 27687 | Lair:5   | Identified a scroll of acquirement
 27687 | Lair:5   | Acquired the amulet "Oschecw" {Reflect rC+ Int+4 SH+5
                  | Stlth+}
 27719 | Lair:5   | Learned a level 5 spell: Metabolic Englaciation
 27825 | Spider:1 | HP: 26/111 [tarantella (12)]
 28076 | Spider:1 | Reached skill level 10 in Throwing
 28076 | Spider:1 | Reached skill level 10 in Armour
 28076 | Spider:1 | Offered knowledge of Starburst by Vehumet.
 28257 | Spider:1 | Reached XP level 15. HP: 109/117 MP: 19/29
 28602 | Spider:1 | You fall into a shaft and drop 1 floor!
 28618 | Spider:2 | Reached skill level 11 in Spellcasting
 28624 | Spider:2 | Reached skill level 10 in Translocations
 28819 | Spider:2 | Reached skill level 10 in Short Blades
 28819 | Spider:2 | Reached skill level 10 in Axes
 28819 | Spider:2 | Reached skill level 10 in Maces & Flails
 28819 | Spider:2 | Reached skill level 10 in Polearms
 28819 | Spider:2 | Reached skill level 10 in Staves
 28819 | Spider:2 | Reached skill level 10 in Slings
 28819 | Spider:2 | Reached skill level 10 in Bows
 28819 | Spider:2 | Reached skill level 10 in Crossbows
 28819 | Spider:2 | Reached skill level 10 in Stealth
 28819 | Spider:2 | Reached skill level 10 in Shields
 28819 | Spider:2 | Reached skill level 10 in Unarmed Combat
 28819 | Spider:2 | Reached skill level 10 in Evocations
 28857 | Spider:2 | HP: 23/117 [something (7)]
 28858 | Spider:2 | HP: 3/117 [poisoned by a ghost moth]
 29478 | D:11     | Found a runed translucent door.
 29673 | D:11     | Found a portal to a secret trove of treasure.
 29806 | D:11     | Identified the +0 trident of a wizard's laboratory {elec,
                  | +Blink Fly Will+ rCorr Dex+3}
 29807 | D:11     | Noticed ZARRMARR's ghost (adept OpCj)
 30012 | D:12     | Reached skill level 11 in Fighting
 30012 | D:12     | Reached skill level 11 in Long Blades
 30012 | D:12     | Reached skill level 11 in Dodging
 30708 | D:12     | Learned a level 5 spell: Irradiate
 30726 | D:13     | Reached skill level 11 in Invocations
 31157 | D:13     | Offered knowledge of Iskenderun's Battlesphere by Vehumet.
 31162 | D:13     | HP: 28/118 [yaktaur/bolt (29)]
 31473 | D:13     | Learned a level 5 spell: Freezing Cloud
 31653 | D:13     | Found a gate to the Vaults.
 32343 | D:15     | Entered Level 15 of the Dungeon
 32393 | D:14     | HP: 24/119 [skeletal warrior (9)]
 32533 | D:15     | Reached XP level 16. HP: 125/125 MP: 25/31
 32593 | D:15     | Found a sparkling altar of Nemelex Xobeh.
 32593 | D:15     | Noticed Jessica
 32596 | D:15     | Killed Jessica
 32648 | D:15     | Noticed Roxanne
 32797 | D:15     | Reached skill level 9 in Conjurations
 32797 | D:15     | Reached skill level 9 in Hexes
 32797 | D:15     | Reached skill level 9 in Summonings
 32797 | D:15     | Reached skill level 9 in Necromancy
 32797 | D:15     | Reached skill level 9 in Transmutations
 32797 | D:15     | Reached skill level 9 in Fire Magic
 32797 | D:15     | Reached skill level 9 in Ice Magic
 32797 | D:15     | Reached skill level 9 in Air Magic
 32797 | D:15     | Reached skill level 9 in Earth Magic
 32797 | D:15     | Reached skill level 9 in Poison Magic
 32979 | D:15     | Reached skill level 11 in Throwing
 32979 | D:15     | Reached skill level 11 in Armour
 33196 | D:15     | Found a staircase to the Depths.
 33386 | D:15     | HP: 5/126 [Roxanne/iron shot (37)]
 33387 | D:15     | Killed Roxanne
 33551 | Depths:1 | Entered Level 1 of the Depths
 33805 | Depths:1 | Found a gateway to Hell.
 34024 | Depths:1 | You fall into a shaft and drop 1 floor!
 34024 | Depths:2 | Noticed Jory
 34046 | Depths:2 | Offered knowledge of Conjure Ball Lightning by Vehumet.
 34132 | Depths:1 | Found Caotem's Distillery.
 34136 | Depths:1 | Bought a potion of heal wounds for 75 gold pieces
 34136 | Depths:1 | Bought a potion of heal wounds for 75 gold pieces
 34136 | Depths:1 | Bought a potion of heal wounds for 75 gold pieces
 34136 | Depths:1 | Bought a potion of magic for 120 gold pieces
 34136 | Depths:1 | Bought a potion of haste for 150 gold pieces
 34212 | Depths:1 | Identified the +2 hand axe "Suzun" {speed, rPois rF- Str+2}
 34700 | Lair:6   | Reached skill level 11 in Short Blades
 34700 | Lair:6   | Reached skill level 11 in Axes
 34700 | Lair:6   | Reached skill level 11 in Maces & Flails
 34700 | Lair:6   | Reached skill level 11 in Polearms
 34700 | Lair:6   | Reached skill level 11 in Staves
 34700 | Lair:6   | Reached skill level 11 in Slings
 34700 | Lair:6   | Reached skill level 11 in Bows
 34700 | Lair:6   | Reached skill level 11 in Crossbows
 34700 | Lair:6   | Reached skill level 11 in Stealth
 34700 | Lair:6   | Reached skill level 11 in Shields
 34700 | Lair:6   | Reached skill level 11 in Unarmed Combat
 34700 | Lair:6   | Reached skill level 11 in Evocations
 34786 | Lair:6   | Killed Sonja
 34799 | Lair:6   | Reached ****** piety under Vehumet
 35005 | Lair:6   | Reached skill level 12 in Spellcasting
 35300 | Lair:6   | Found a runed translucent door.
 35323 | Lair:6   | Reached skill level 12 in Invocations
 36085 | Elf:1    | Entered Level 1 of the Elven Halls
 36097 | Elf:1    | Reached skill level 12 in Fighting
 36097 | Elf:1    | Reached skill level 12 in Long Blades
 36097 | Elf:1    | Reached skill level 12 in Dodging
 36282 | Elf:1    | Reached XP level 17. HP: 75/133 MP: 24/33
 36413 | Elf:1    | You fall into a shaft and drop 1 floor!
 36417 | Elf:2    | Found a runed translucent gate.
 36417 | Elf:2    | Found a runed translucent gate.
 36417 | Elf:2    | Found a runed translucent gate.
 36517 | Elf:3    | Entered Level 3 of the Elven Halls
 36523 | Elf:3    | Noticed Saint Roka
 36547 | Elf:3    | Offered knowledge of Lee's Rapid Deconstruction by Vehumet.
 36548 | Elf:3    | Reached skill level 11 in Translocations
 36877 | Elf:1    | Noticed Agnes
 36886 | Elf:1    | Killed Agnes
 37213 | Elf:1    | Got Geguq's Volume of Evil Magic
 37424 | Elf:1    | Noticed Azrael
 37431 | Elf:1    | Killed Azrael
 37917 | Elf:3    | Paralysed by an air elemental for 1 turns
 37995 | Elf:3    | Reached skill level 10 in Conjurations
 37995 | Elf:3    | Reached skill level 10 in Hexes
 37995 | Elf:3    | Reached skill level 10 in Summonings
 37995 | Elf:3    | Reached skill level 10 in Necromancy
 37995 | Elf:3    | Reached skill level 10 in Transmutations
 37995 | Elf:3    | Reached skill level 10 in Fire Magic
 37995 | Elf:3    | Reached skill level 10 in Ice Magic
 37995 | Elf:3    | Reached skill level 10 in Air Magic
 37995 | Elf:3    | Reached skill level 10 in Earth Magic
 37995 | Elf:3    | Reached skill level 10 in Poison Magic
 38452 | Lair:2   | Learned a level 4 spell: Summon Lightning Spire
 38540 | Swamp:1  | Entered Level 1 of the Swamp
 38737 | Swamp:2  | Noticed Nikola
 38761 | Swamp:2  | Reached skill level 12 in Throwing
 38761 | Swamp:2  | Reached skill level 12 in Armour
 38765 | Swamp:2  | Found a frozen archway.
 38774 | Swamp:2  | Killed from afar by Nikola

Illustrated notes

Levels and vault maps discovered:
D:1:      dpeg_arrival_caged_fury, layout_basic, basic_ecumenical_altar,
          chequers_mini_garden
D:2:      layout_basic, minivault_19, supply_closet_lemuel,
          kennysheep_big_empty_room
D:3:      layout_basic, skrybe_limestone_x, minivault_23, dk_vineyard_3,
          uniq_natasha
D:4:      layout_basic, nicolae_qazlal_eye_of_the_storm
D:5:      layout_rooms, chequers_big_river, serial_park_tiny_pond, uniq_edmund,
          uniq_pikel
D:6:      layout_layer_cave, uniq_maggie
D:7:      wander_river, layout_rooms, mainiacjoe_overflow_tiny_flanked,
          minmay_temple_entry_slanted, hangedman_decor_slide_cut,
          minmay_fractal_squares_gapless_5, uniq_harold
D:8:      layout_basic, gammafunk_temple_overflow_claw
D:9:      layout_stronghold, erik_orc_4, gammafunk_ghost_stat_death
D:10:     layout_basic, nicolae_ru_great_annihilating_truth,
          mainiacjoe_overflow_concentric_impassable, uniq_nergalle, uniq_erica,
          uniq_fannar
D:11:     layout_cave_pools, lair_entry_dummy, ebering_ghost_funeral_grove,
          enter_trove_3
D:12:     layout_stronghold
D:13:     layout_loops_ring, hangedman_vaults_entry_quadrant_bands
D:14:     layout_gridville, kennysheep_flooded_box
D:15:     grunt_enter_depths_snipers, layout_long_grid,
          nemelex_lonely_heart_becter, uniq_roxanne
Lair:1:   layout_cave_pods, gammafunk_lair_bear_cave, uniq_prince_ribbit2,
          uniq_gastronok
Lair:2:   cheibrodos_lair_overgrown_chateau, layout_hall_layers,
          nicolae_spider_entry_non_spiders, nzn_ghost_randoct, minmay_hedge_maze
Lair:3:   layout_chaotic_city
Lair:4:   layout_cave_pods, swamp_mist_pool
Lair:5:   layout_layer_cave, minmay_slime_entry_oklob_enclosed,
          grunt_megastairs_4
Lair:6:   wormcave, layout_cave_shapes, grunt_megastairs_2,
          infiniplex_staircase_pool, serial_bayou_shore_b, lemuel_fruit_fields,
          uniq_kirke, uniq_sonja, uniq_snorg
Swamp:1:  nicolae_swamp_long_stream, layout_basic_swamp,
          evilmike_swamp_ruin_house_1
Swamp:2:  layout_falls_marsh, portal_ice_cave_entry_ugly_swarm,
          evilmike_swamp_ruin_house_3, swamp_pool1, st_swamp_ruins_2,
          uniq_nikola
Spider:1: layout_spider_delve, hellmonk_watch_for_rolling_rocks
Spider:2: layout_spider_delve
Orc:1:    layout_caves, ebering_ghost_reflecting_pool, uniq_urug
Orc:2:    grunt_orc_tribal_feast, layout_diamond_mine
Elf:1:    layout_geoelf_grid, minmay_elf_necromancy, uniq_agnes, uniq_azrael
Elf:2:    nicolae_elf_blades_crystal_corner, layout_geoelf_octagon
Elf:3:    nooodl_elf_gasket, layout_loops_cross, wad_floor_pattern_2,
          uniq_saint_roka
Depths:1: layout_roguey, hell_entry, serial_shops, kennysheep_mini,
          minivault_15, evilmike_butchery
Depths:2: due_jory_tower, layout_cave_shapes, pf_coc_iceberg,
          infiniplex_staircase_pool_2, minmay_shop_star, serial_bayou_shore_a,
          serial_bayou_shore_b, uniq_bai_suzhen

Skill      XL: |  1  2  3  4  5  6  7  8  9 10 11 12 13 14 15 16 17 |
---------------+----------------------------------------------------+-----
Spellcasting   | 5 6 7 8 9 10 11 12 | 12.6
Invocations    | 1 2 3 4 5 6 7 8 9 10 11 12 | 12.6
Short Blades   | 1 2 3 5 6 7 8 9 10 11 | 11.7
Axes           | 1 2 3 5 6 7 8 9 10 11 | 11.7
Maces & Flails | 1 2 3 5 6 7 8 9 10 11 | 11.7
Polearms       | 1 2 3 5 6 7 8 9 10 11 | 11.7
Staves         | 1 2 3 5 6 7 8 9 10 11 | 11.7
Slings         | 1 2 3 5 6 7 8 9 10 11 | 11.7
Bows           | 1 2 3 5 6 7 8 9 10 11 | 11.7
Crossbows      | 1 2 3 5 6 7 8 9 10 11 | 11.7
Stealth        | 1 2 3 5 6 7 8 9 10 11 | 11.7
Shields        | 1 2 3 5 6 7 8 9 10 11 | 11.7
Unarmed Combat | 1 2 3 5 6 7 8 9 10 11 | 11.7
Evocations     | 1 2 3 5 6 7 8 9 10 11 | 11.7
Conjurations   | 1 2 3 4 5 6 7 8 9 10 | 10.0
Hexes          | 1 2 3 4 5 6 7 8 9 10 | 10.0
Summonings     | 1 2 3 4 5 6 7 8 9 10 | 10.0
Necromancy     | 1 2 3 4 5 6 7 8 9 10 | 10.0
Transmutations | 1 2 3 4 5 6 7 8 9 10 | 10.0
Fire Magic     | 1 2 3 4 5 6 7 8 9 10 | 10.0
Ice Magic      | 1 2 3 4 5 6 7 8 9 10 | 10.0
Air Magic      | 1 2 3 4 5 6 7 8 9 10 | 10.0
Earth Magic    | 1 2 3 4 5 6 7 8 9 10 | 10.0
Poison Magic   | 1 2 3 4 5 6 7 8 9 10 | 10.0
Throwing       | 3 4 5 6 7 8 9 10 11 12 | 12.0
Armour         | 3 4 5 6 7 8 9 10 11 12 | 12.0
Fighting       | 5 6 7 8 9 10 11 12 | 12.4
Long Blades    | 5 6 7 8 9 10 11 12 | 12.4
Dodging        | 5 6 7 8 9 10 11 12 | 12.4
Translocations | 6 7 8 9 10 11 | 11.3

Action                   |  1- 3 |  4- 6 |  7- 9 | 10-12 | 13-15 | 16-18 || total
-------------------------+-------+-------+-------+-------+-------+-------++-------
Melee: Falchion          |    33 |    44 |    28 |       |       |       ||   105
       Bite              |       |     5 |    19 |    69 |    56 |    26 ||   175
       Punch             |       |     1 |     4 |     2 |       |       ||     7
       Flail             |       |       |    55 |       |       |       ||    55
       War axe           |       |       |    55 |    28 |   262 |   212 ||   557
       Spear             |       |       |    19 |   532 |   327 |       ||   878
       Short sword       |       |       |       |     7 |     9 |       ||    16
 Fire: Hand crossbow     |       |       |       |     2 |    14 |       ||    16
 Cast: Foxfire           |    37 |    88 |   131 |     3 |     2 |       ||   261
       Static Discharge  |       |       |     6 |       |       |       ||     6
       Ozocubu's Armour  |       |       |    10 |    39 |    22 |       ||    71
       Frozen Ramparts   |       |       |    11 |    66 |    25 |     1 ||   103
       Fulminant Prism   |       |       |       |    10 |   130 |    42 ||   182
       Olgreb's Toxic Ra |       |       |       |     6 |    65 |       ||    71
       Blink             |       |       |       |     2 |     2 |       ||     4
       Fireball          |       |       |       |       |    14 |     4 ||    18
       Metabolic Englaci |       |       |       |       |    17 |     1 ||    18
       Freezing Cloud    |       |       |       |       |     7 |    97 ||   104
       Irradiate         |       |       |       |       |     1 |     3 ||     4
       Summon Lightning  |       |       |       |       |       |     3 ||     3
Evoke: Wand              |       |       |     9 |     5 |     3 |     4 ||    21
  Use: Scroll            |       |       |     1 |    14 |    16 |    10 ||    41
       Potion            |       |       |     1 |       |     5 |     2 ||     8
 Stab: Sleeping          |       |       |     1 |     4 |     8 |     7 ||    20
       Distracted        |       |       |       |     2 |     5 |     3 ||    10
       Invisible         |       |       |       |       |     1 |       ||     1
Armor: Leather armour    |     3 |    23 |    26 |       |       |       ||    52
       Acid dragon scale |       |       |    23 |   145 |    89 |       ||   257
       Crystal plate arm |       |       |       |    29 |       |       ||    29
       Ring mail         |       |       |       |       |    76 |       ||    76
       Troll leather arm |       |       |       |       |    19 |    37 ||    56
Dodge: Dodged            |    20 |    48 |   126 |   249 |   349 |    77 ||   869
Block: Buckler           |       |       |       |    75 |   183 |       ||   258
       Kite shield       |       |       |       |       |    53 |   140 ||   193
       Reflection        |       |       |       |       |    17 |    25 ||    42
       Rpst.: Falchion   |       |     9 |     8 |       |       |       ||    17
